Unix NetHack Version 5.0.0-0 post-release - last build Jun 10 2026 00:39:30 (3ee93aec679c4c4259841fe613dc97188e26a321,branch:main).

Game began 2026-06-21 18:35:32, ended 2026-06-21 18:57:42.

Drastanta, lawful male human Priest

                        ---------------------------------              ------
                        |...............................|##%##@@#))##)).....|
                        |.%.-----------.---------------.|#             |....|
                        |...-.(((|    |.|.(((|...|))].|.|#             |....|
                        |...|.(((|    +.%.((.|...|%.).|.|#             ---.--
                        |...|.(((|    |.|..((|...|..".-.|#                #
                        |...|----------.------|--------.|#                #
                        |...|%%%|....|....{.............|#                #
                        |...|%%%|._..|.......----|--....|#                #
                        |...|%%.|....|.......|  |..|....|#                #
                        |...|...|....|{......|  |..|....|#           ---------
                        |...--|----|--.......-+-----....|[           |.......|
                        |......)........)...).......[...|#%##########.....<..|
                        |...----..--|----.......[..----.|#           |.......|
                        |...|..|..|..|..|..........|..-.%##          +.......|
                        |...-..|..|..|..-..........|..|.|#           |.......|
                        ---------------------------------            ---------

Drastanta the Adept          St:10 Dx:15 Co:18 In:9 Wi:18 Ch:7  Lawful
Dlvl:6  $:101 HP:0(76) Pw:116(116) AC:-2 Xp:7 T:2947  Burdened

Latest messages:
 The Woodland-elf just misses!
 You hit the Woodland-elf.
 The Woodland-elf swings his runed broadsword.
 The Woodland-elf misses!
 The Woodland-elf swings his runed broadsword.
 The Woodland-elf hits!
 You hit the Woodland-elf!
 The Woodland-elf turns to flee.
 It is hit.
 It is hit.
 It is missed.
 A runed arrow misses you.
 It is missed.
 A runed arrow misses you.
 It is hit.
 It is hit.
 It is destroyed!
 You are hit by a runed arrow.
 A runed arrow misses you.
 There are several objects here.
 The Woodland-elf swings her curved sword.
 The Woodland-elf misses!
 You hit the Woodland-elf!
 The Woodland-elf swings her curved sword.
 The Woodland-elf hits!
 The Woodland-elf swings her curved sword.
 The Woodland-elf hits!
 You hit the Woodland-elf!
 The Woodland-elf swings her curved sword.
 The Woodland-elf hits!
 You hit the Woodland-elf!
 The Woodland-elf swings her curved sword.
 The Woodland-elf hits!
 You miss the Woodland-elf.
 The Woodland-elf swings her curved sword.
 The Woodland-elf hits!
 The Woodland-elf swings her curved sword.
 The Woodland-elf hits!
 You hit the Woodland-elf.
 The Woodland-elf swings her curved sword.
 The Woodland-elf hits!
 Are you sure you want to pray? [yn] (n) y
 You begin praying to Mitra.
 The Woodland-elf swings her curved sword.
 The Woodland-elf misses!
 The Woodland-elf swings her curved sword.
 The Woodland-elf hits!
 You die...
 Do you want your possessions identified? [ynq] (y) y
 Do you want to see your attributes? [ynq] (y) q

Inventory:
 Coins    ('$')
  $ - 101 gold pieces
 Weapons  (')')
  a - a blessed +1 mace (weapon in right hand)
 Armor    ('[')
  R - a +0 elven leather helm (being worn)
  j - a blessed +1 orcish helm
  n - a blessed +1 pair of gauntlets of dexterity (being worn)
  N - a +0 pair of iron shoes (being worn)
  T - a +0 elven shield (being worn)
  V - a +0 elven cloak (being worn)
  W - a -1 elven mithril-coat (being worn)
 Comestibles  ('%')
  e - a clove of garlic
  z - a cursed cram ration
  v - a food ration
  f - a sprig of wolfsbane
  c - a lizard corpse
 Scrolls  ('?')
  q - a scroll of amnesia
  A - a scroll of confuse monster
  o - a scroll of enchant armor
  X - a scroll of gold detection
  p - a scroll of magic mapping
  l - a scroll of taming
 Spellbooks  ('+')
  C - a spellbook of blank paper
  r - a spellbook of confuse monster
  h - a spellbook of cure sickness
  w - a spellbook of cure sickness
  s - a spellbook of extra healing
  g - a spellbook of healing
 Potions  ('!')
  L - 2 cursed potions of hallucination
  i - a potion of levitation
  m - 2 potions of speed
  H - 4 potions of holy water
 Wands    ('/')
  b - a wand of cancellation (0:6)
  O - a cursed wand of digging (0:8)
  G - a wand of make invisible (0:3)
  F - a wand of speed monster (0:5)
 Tools    ('(')
  B - a blindfold
  x - a credit card
  P - a blessed magic lamp
  d - a tallow candle
  Z - a wax candle
 Gems/Stones  ('*')
  t - an obsidian stone
  D - a topaz stone
  u - a worthless piece of yellow glass

Drastanta the Priest's attributes:

Background:
 You were an Adept, a level 7 human Priest.
 You were lawful, on a mission for Mitra
 who was opposed by Crom (neutral) and Set (chaotic).
 You were right-handed.
 You were in the Gnomish Mines, on level 6.
 You entered the dungeon 2947 turns ago.
 You had 733 experience points, 547 more were needed to attain level 8.

Basics:
 You had 0 out of 76 hit points.
 You had all 116 energy points (spell power).
 Your armor class was -2.
 Your wallet contained 101 zorkmids.
 Autopickup was on for '$' plus thrown.

Final Characteristics:
 Your strength was 10 (limit:18/100).
 Your dexterity was 15 (base:14, limit:18).
 Your constitution was 18 (limit:18).
 Your intelligence was 9 (limit:18).
 Your wisdom was 18 (limit:18).
 Your charisma was 7 (limit:18).

Final Status:
 You weren't hungry.
 You were burdened; movement was slightly slowed.
 You were wielding a mace.
 You were skilled in mace.

Final Attributes:
 You were piously aligned.
 You were telepathic.
 You were stealthy.
 You were guarded.
 Your spell casting was impaired by metallic armor.
 You are dead.

Miscellaneous:
 You didn't encounter any bones levels.
 Total elapsed playing time was 22 minutes and 10 seconds.

Major events:
 Turn
    1: Drastanta the lawful human Priest entered the dungeon
  540: attained the rank of Acolyte (level 3)
  872: entered the Gnomish Mines
 2029: reached Mine Town
 2036: attained the rank of Adept (level 6)
 2947: killed by a Woodland-elf, while praying

Spells:
 Name                 Level Category     Fail Retention
 healing                1   healing      100%  76%-100%
 cure sickness          3   healing      100%  76%-100%

Skills:
 Fighting Skills
   bare handed combat [Unskilled]
 Weapon Skills
   club               [Unskilled]
   mace               [Skilled]
   morning star       [Unskilled]
   flail              [Unskilled]
   hammer             [Unskilled]
   quarterstaff       [Unskilled]
   polearms           [Unskilled]
   spear              [Unskilled]
   trident            [Unskilled]
   lance              [Unskilled]
   bow                [Unskilled]
   sling              [Unskilled]
   crossbow           [Unskilled]
   dart               [Unskilled]
   shuriken           [Unskilled]
   boomerang          [Unskilled]
   unicorn horn       [Unskilled]
 Spellcasting Skills
   healing spells     [Unskilled]
   divination spells  [Unskilled]
   clerical spells    [Basic]

Voluntary challenges:
 Character rerolling was not enabled.
 You were illiterate.
 You never genocided any monsters.
 You never polymorphed an object.
 You never changed form.
 You used no wishes.
Achievements:
 You entered a shop.
 You attained the rank of Acolyte.
 You entered the Gnomish Mines.
 You entered Minetown.
 You attained the rank of Adept.
 You entered a temple.

 The Dungeons of Doom: levels 1 to 3
    Level 1:
       A fountain.
    Level 2:
       A general store.
    Level 3:
       A sink.
       Stairs down to The Gnomish Mines.
 The Gnomish Mines: levels 4 to 6
    Level 4:
    Level 5:
    Level 6: <- You were here.
       Many shops, a temple and an altar, some fountains.
       Final resting place for
          you, killed by a Woodland-elf, while praying.


Vanquished creatures:
  a large mimic
  a lizard
  a dog
  a raven
  5 Woodland-elves
 11 Mordor orcs
  a rock piercer
  a violet fungus
  3 gnome leaders
  2 gnomish wizards
  a floating eye
  2 dwarves
  a giant bat
  a werejackal
 an iguana
 an acid blob
  2 coyotes
  a gas spore
  2 hobbits
  3 large kobolds
  4 cave spiders
 23 gnomes
  2 jackals
  a fox
  2 goblins
  4 grid bugs
  a bat
  a lichen
  a kobold zombie
  4 newts
85 creatures vanquished.

No species were genocided or became extinct.

Game over:
                       ----------
                      /          \
                     /    REST    \
                    /      IN      \
                   /     PEACE      \
                  /                  \
                  |    Drastanta     |
                  |      101 Au      |
                  |   killed by a    |
                  |   Woodland-elf   |
                  |                  |
                  |                  |
                  |       2026       |
                 *|     *  *  *      | *
        _________)/\\_//(\/(/\)/\//\/|_)_______

Goodbye Drastanta the Priest...

You died in The Gnomish Mines on dungeon level 6 with 3365 points,
and 101 pieces of gold, after 2947 moves.
You were level 7 with a maximum of 76 hit points when you died.

